 Dungeon Crawl Stone Soup version 0.16.0-12-g7215832 (webtiles) character file.

86 Sorcv the Sneak (level 4, -1/24 HPs)
             Began as a Kobold Enchanter on Mar 18, 2015.
             Slain by a gnoll
             ... wielding a +0 whip
              (3 damage)
             ... on level 2 of the Dungeon.
             The game lasted 00:05:29 (1210 turns).

Sorcv the Sneak (Kobold Enchanter)                  Turns: 1210, Time: 00:05:29

Health: -1/24      AC:  4    Str:  6    XL:     4   Next: 77%
Magic:  2/7        EV: 15    Int: 18    God:
Gold:   75         SH:  0    Dex: 17    Spells: 3 memorised, 1 level left

rFire  . . .     SeeInvis .     e - +1 dagger (holy)
rCold  + . .     Clarity  .     b - +1 robe
rNeg   . . .     SustAb   +     (no shield)
rPois  .         Gourm    .     k - +0 helmet
rElec  .         Spirit   .     (no cloak)
rCorr  .         Warding  .     (no gloves)
rMut   .         Stasis   .     (no boots)
MR     .....                    (no amulet)
Stlth  ++++......               j - ring of sustain abilities
                                f - ring of protection from cold

@: brilliant, very slightly contaminated, not resistant to hostile enchantments,
stealthy
A: carnivore 3
a: no special abilities


You were on level 2 of the Dungeon.
You were near starving.

You visited 1 branch of the dungeon, and saw 2 of its levels.

You collected 75 gold pieces.

Inventory:

Hand weapons
 a - a +1 dagger
 e - a +1 dagger of holy wrath (weapon)
Armour
 b - a +1 robe (worn)
 k - a +0 helmet (worn)
Jewellery
 f - a ring of protection from cold (left hand)
 j - a ring of sustain abilities (right hand)
Scrolls
 h - a scroll of remove curse
 i - a scroll of identify
Potions
 g - a potion of invisibility
Books
 c - a book of Maledictions

   Spells                             Type                      Level
   a - Corona                         Hexes                        1
   b - Sure Blade                     Hexes/Charms                 2
   c - Ensorcelled Hibernation        Hexes/Ice                    2
   d - Confuse                        Hexes                        3
   e - Dazzling Spray                 Conjuration/Hexes            3
   f - Enslavement                    Hexes                        4
Comestibles
 d - 2 meat rations


   Skills:
 - Level 1.3 Short Blades
 - Level 2.4 Dodging
 + Level 7.2 Stealth
 - Level 2.0 Spellcasting
 - Level 3.0 Hexes


You had one spell level left.
You knew the following spells:

 Your Spells              Type           Power        Failure   Level  Hunger
a - Corona                Hex            ###....      1%          1    #......
b - Ensorcelled Hibernat  Hex/Ice        ###...       1%          2    ###....
c - Confuse               Hex            ###.....     2%          3    ###....


Dungeon Overview and Level Annotations

Branches:
Dungeon (2/15)

Altars:


Innate Abilities, Weirdness & Mutations

You are small and have problems with some larger weapons.
You are carnivorous and can eat meat at any time.


Message History

The gnoll barely misses you.
You hit the gnoll but do no damage.
The gnoll is heavily wounded.
The gnoll misses you.
You closely miss the gnoll.
The gnoll is heavily wounded.
The gnoll hits you with a whip.
* * * LOW HITPOINT WARNING * * *
You hit the gnoll.
The gnoll is almost dead.
The gnoll hits you with a whip.
* * * LOW HITPOINT WARNING * * *
Drink which item? (? for menu, Esc to quit)
It was a potion of brilliance.
You feel clever all of a sudden. The rat bites you but does no damage.
The gnoll completely misses you.
You hit the gnoll but do no damage.
The gnoll is almost dead.
The rat closely misses you. The gnoll hits you with a whip.
You die...

###...### #.....#
#...# ##.....## #.###
#.#.....###
#.#########.....)...#
#.#.................#
#.#.#######.........#
#..........<......###
###.##########(...#
#.....r@g.# #....#
........######.#
##.#.# ##.....# #
#.#.# #.##... . . #.
#... # #... #.##. #.


You could see a gnoll and a rat.

Vanquished Creatures
  2 gnolls (D:2)
  2 adders (D:2)
  A giant mite (D:2)
  3 giant geckos (D:1)
  A ball python (D:1)
  11 hobgoblins
  3 kobolds (D:1)
  A ball python zombie (D:1)
  4 bats
  3 giant cockroaches
  2 giant newts (D:1)
  6 goblins
  A quokka zombie (D:1)
  5 rats
45 creatures vanquished.

Notes
Turn   | Place    | Note
--------------------------------------------------------------
     0 | D:1      | Sorcv, the Kobold Enchanter, began the quest for the Orb.
     0 | D:1      | Reached XP level 1. HP: 10/10 MP: 3/3
    67 | D:1      | Reached XP level 2. HP: 15/15 MP: 4/4
    80 | D:1      | Learned a level 2 spell: Ensorcelled Hibernation
    91 | D:1      | Reached skill level 5 in Stealth
   392 | D:1      | Reached XP level 3. HP: 19/19 MP: 6/6
   397 | D:1      | Learned a level 3 spell: Confuse
   782 | D:2      | Reached skill level 6 in Stealth
   897 | D:2      | Reached XP level 4. HP: 21/24 MP: 7/7
  1195 | D:2      | Reached skill level 7 in Stealth
  1210 | D:2      | Slain by a gnoll

Action                   |  1- 3 |  4- 6 || total
-------------------------+-------+-------++-------
Melee: Dagger            |    98 |    30 ||   128
 Cast: Ensorcelled Hiber |     2 |     5 ||     7
       Corona            |       |     1 ||     1
  Use: Scroll            |     4 |       ||     4
       Potion            |     1 |     1 ||     2
 Stab: Sleeping          |     8 |     2 ||    10
